 Dungeon Crawl Stone Soup version 0.32-a0-699-g1ee5eff69a (webtiles) character file.

Game seed: 3828696088603057112

69798 dolemite99 the Prestidigitator (level 15, -25/172 HPs)
             Began as a Coglin Berserker on Mar 14, 2024.
             Was a Priest of Trog.
             Annihilated by an orc knight
             ... wielding a +0 halberd
              (32 damage)
             ... on level 2 of the Orcish Mines.
             The game lasted 00:26:17 (33961 turns).

dolemite99 the Prestidigitator (Coglin Berserker)  Turns: 33961, Time: 00:26:17

Health: -25/172    AC: 10    Str: 24    XL:     15   Next: 31%
Magic:  15/15      EV:  8    Int:  7    God:    Trog [***...]
Gold:   2832       SH:  0    Dex: 14    Spells: 14/14 levels left

rFire   + . .        r - +0 demon trident {Jin}
rCold   . . .        g - +2 flail (drain) {Somchai}
rNeg    . . .        s - +2 chain mail {rF+}
rPois   +            (no helmet)
rElec   +            C - +0 cloak
rCorr   +            b - +1 pair of gloves
SInv    .            (no boots)
Will    +....        (amulet unavailable) Stlth
                     (ring unavailable)
HPRegen 0.48/turn    (ring unavailable)
MPRegen 0.14/turn    h - geoactuated core {rElec rPois rCorr Clar RMsl}

%: repel missiles, clarity
@: berserking (expiring), corroded, studying Short Blades, revved, very quick
A: off-hand wielding, slow wielding, warmup strikes, no jewellery
a: Renounce Religion, Berserk, Trog's Hand


You were on level 2 of the Orcish Mines.
You worshipped Trog.
Trog was most pleased with you.
You visited 3 branches of the dungeon, and saw 19 of its levels.
You also visited: Bailey.

You collected 3072 gold pieces.
You spent 240 gold pieces at shops.

Inventory:

Hand Weapons
 c - a +3 war axe of flaming {Mai}
 g - a +2 flail of draining (offhand) {Somchai}
 r - a +0 demon trident (weapon) {Jin}
 B - a +1 flail of protection {Wilburh}
 T - a +0 flail of protection
 U - a +0 broad axe
 V - a +0 broad axe
Missiles
 t - a throwing net
 M - 10 javelins
 P - 14 boomerangs
Armour
 b - a +1 pair of gloves (worn)
 l - a +0 crystal plate armour
 n - the +1 ring mail of Okawaru's Castigation {rF+}
   (You found it on level 2 of the Dungeon)

   rF+:       It protects you from fire.
 s - a +2 chain mail of fire resistance (worn)
 C - a +0 cloak (worn)
 J - a +1 chain mail of cold resistance
 L - a +0 plate armour
 S - a +3 scale mail of willpower
Gizmo
 h - a geoactuated core (installed) {rElec rPois rCorr Clar RMsl}
   (You invented it yourself on level 4 of the Lair of Beasts)

   [geoactuated core]

   rElec:     It insulates you from electricity.
   rPois:     It protects you from poison.
   Clar:      It protects you from confusion, rage, mesmerisation and fear.
   RMsl:      It protects you from missiles.
   rCorr:     It protects you from acid and corrosion.
Wands
 a - a wand of polymorph (7)
 e - a wand of flame (11)
 X - a wand of paralysis (7)
Scrolls
 d - 2 scrolls of enchant armour
 p - 2 scrolls of amnesia
 w - 2 scrolls of teleportation
 x - a scroll of enchant weapon
 y - 5 scrolls of identify {@r1}
 F - 2 scrolls of revelation
 H - a scroll of blinking
 Y - 2 scrolls of vulnerability
Potions
 i - 2 potions of cancellation {unknown}
 j - a potion of heal wounds
 k - 4 potions of haste
 m - 3 potions of degeneration {unknown}
 o - 3 potions of might {unknown}
 q - 2 potions of ambrosia {unknown}
 u - 2 potions of mutation {unknown}
 z - a potion of resistance {unknown}
 A - a potion of magic {unknown}
 D - 9 potions of curing
 E - a potion of invisibility
 G - 4 potions of brilliance {unknown}
 I - a potion of attraction
 N - 2 potions of enlightenment
 Z - a potion of berserk rage {unknown}


   Skills:
 - Level 10.1 Fighting
 - Level 13.2(16.4) Axes
 - Level 11.5(13.7) Maces & Flails
 - Level 9.5(12.1) Polearms
 + Level 6.9 Throwing
 - Level 6.6 Armour
 - Level 1.7 Dodging
 - Level 13.9 Evocations


You had 14 spell levels left.
You didn't know any spells.
Your spell library was empty.

Dungeon Overview and Level Annotations

Branches:
Dungeon (12/15)            Temple (0/1) D:7            Lair (5/5) D:11
 Shoals (0/4) Lair:2        Snake (0/4) Lair:2        Slime (0/5) Lair:4
    Orc (2/2) D:11            Elf (0/3) Orc:2        Bailey (visited)

Altars:
Fedhas
Hepliaklqana
Beogh

Shops:
D:10 !   D:11 ([

Annotations:
D:7 2 transporters, Sirjeffry24's ghost, novice CoHu
D:8 1 runed translucent door, BeKind's ghost, novice OpIE
D:12 exclusion: 2 orange crystal statues
Lair:1 2 transporters
Orc:1 exclusion: oklob plant


Innate Abilities, Weirdness & Mutations

You can wield a second weapon in your off-hand.
It takes a long time for you to wield or remove held weapons.
Your first few attacks do less damage.
You cannot equip rings or amulets.


Message History

You barely miss the orc knight with your +0 demon trident.
The orc knight hits you with a +0 halberd.
You hit the orc knight but do no damage.
You hit the orc knight with your +2 flail of draining.
You drain the orc knight.
The orc knight seems less drained.
The orc knight hits you with a +1 great mace!!
You closely miss the orc knight with your +2 flail of draining.
The orc knight is lightly wounded.
You puncture the orc knight with your +0 demon trident!
The orc knight roars a battlecry!
The orcs go into a battle-frenzy!
You hit the orc knight with your +2 flail of draining.
The orc knight is moderately wounded.
You puncture the orc knight with your +0 demon trident!
The orc knight hits you with a +1 great mace!!
You puncture the orc knight with your +0 demon trident!
The orc knight is almost dead.
You closely miss the orc knight with your +2 flail of draining.
The orc knight hits you with a +0 halberd!
* * * LOW HITPOINT WARNING * * *
You bludgeon the orc knight with your +2 flail of draining!!
You drain the orc knight.
The orc knight is heavily wounded.
You puncture the orc knight with your +0 demon trident!
The orc knight hits you with a +1 great mace!!!
* * * LOW HITPOINT WARNING * * *
You are too berserk!
You hit the orc knight with your +2 flail of draining.
The orc knight is severely wounded.
You puncture the orc knight with your +0 demon trident!
The orc knight hits you with a +0 halberd!
* * * LOW HITPOINT WARNING * * *
You hit the orc knight with your +2 flail of draining.
The orc knight is almost dead.
You hit the orc knight with your +0 demon trident.
The orc knight roars a battlecry!
The orc knight goes into a battle-frenzy!
The orc barely misses you.
The orc knight hits you from afar with a +0 halberd!!
You die...

.....#..##...#...## ##...
.......(....#.....# ##..
.#.#####..........# ##.
#∩∩...o∩..#..#)...## ##
....#.....##.......#
..I#........#......#
...........o.#(....#
#.......#...o#oo...#
#.......#.I..§#)@..#
#.....I.#.#...oo#..# ###
...##............(##########.## #
#........#.I..#....#.#.##.#...###
#.......#.....#.#............###.
.............#....##(.........##.
............I......#)#....#......
...#.I...I..#............####....
..................#.....## ##...


You could see 2 orc knights and 2 orcs.

Vanquished Creatures
  An orc warlord (Orc:2)
  Snorg (Lair:5)
  A fire dragon (Lair:5)
  2 vault guards (Bailey)
  2 hydras
  An ice dragon (Lair:5)
  A catoblepas (Lair:5)
  A death knight (D:11)
  5 two-headed ogres
  8 death yaks
  Urug (Lair:3)
  An orc high priest (Orc:2)
  Nergalle (Lair:2)
  A skeletal warrior (D:10)
  A swamp dragon (Lair:5)
  2 lindwurms (Lair:5)
  An ugly thing (D:12)
  2 orc knights (Orc:2)
  An orc sorcerer (Orc:2)
  3 cyclopes
  2 manticores
  38 elephants
  A black mamba (Lair:2)
  A gargoyle (D:11)
  7 torpor snails
  A guardian serpent (Lair:2)
  8 cane toads
  5 rime drakes
  12 komodo dragons
  8 trolls
  3 tyrant leeches (Lair:5)
  7 saltlings (Orc:2)
  A polar bear (Lair:5)
  13 blink frogs (Lair:4)
  7 hornets
  Prince Ribbit (Bailey)
  A shadow (D:9)
  4 slime creatures (D:12)
  30 yaks
  A vampire (D:11)
  5 wraiths
  A wyvern (Lair:3)
  4 basilisks
  5 humans (Bailey)
  3 wargs (Orc:2)
  5 steam dragons
  3 acid dragons
  15 water moccasins
  18 orc warriors
  A swamp drake (Lair:5)
  2 sky beasts
  6 ogres
  3 black bears
  6 wolves
  8 centaurs
  2 phantoms
  A kobold brigand (D:9)
  2 gnoll sergeants
  26 bullfrogs
  5 scorpions
  4 wights (D:8)
  6 killer bees
  A howler monkey (D:7)
  A bombardier beetle (D:6)
  19 orc priests
  4 hounds
  4 jellies
  20 orc wizards
  9 iguanas
  4 hell rats (Lair:3)
  9 gnolls
  3 adders
  A shadow imp (D:6)
  3 dart slugs
  127 orcs
  6 bats
  13 endoplasms
  5 giant cockroaches
  13 goblins
  7 hobgoblins
  14 jackals
  12 kobolds
  3 quokkas
  6 ball pythons
  3 frilled lizards
  11 rats
617 creatures vanquished.

Notes
Turn   | Place    | Note
-------+----------+-------------------------------------------
     0 | D:1      | dolemite99 the Coglin Berserker began the quest for the
                  | Orb.
     0 | D:1      | Reached XP level 1. HP: 18/18 MP: 1/1
   453 | D:1      | Reached XP level 2. HP: 24/24 MP: 2/2
   944 | D:1      | Reached XP level 3. HP: 25/29 MP: 3/3
  1066 | D:1      | Reached ** piety under Trog
  1615 | D:2      | Identified the +1 ring mail of Okawaru's Castigation {rF+}
  1701 | D:2      | Reached XP level 4. HP: 31/35 MP: 4/4
  2202 | D:3      | Reached skill level 5 in Axes
  2956 | D:3      | You fall into a shaft and drop 3 floors!
  2985 | D:6      | Reached XP level 5. HP: 37/41 MP: 5/5
  3028 | D:6      | Noticed a water moccasin
  3033 | D:6      | Killed a water moccasin
  3034 | D:6      | Reached XP level 6. HP: 47/47 MP: 6/6
  3290 | D:6      | Noticed a water moccasin
  3304 | D:6      | Killed a water moccasin
  3348 | D:6      | Reached XP level 7. HP: 44/52 MP: 7/7
  3399 | D:6      | Found a hazy altar of Hepliaklqana.
  3411 | D:5      | Entered Level 5 of the Dungeon
  3510 | D:5      | Reached XP level 8. HP: 55/58 MP: 8/8
  3773 | D:5      | Reached *** piety under Trog
  3924 | D:5      | Reached skill level 10 in Axes
  4017 | D:4      | Reached skill level 1 in Maces & Flails
  4298 | D:4      | Noticed a two-headed ogre
  4311 | D:4      | Killed a two-headed ogre
  4312 | D:4      | Reached XP level 9. HP: 5/63 MP: 9/9
  5012 | D:4      | Found a blossoming altar of Fedhas.
  6922 | D:7      | Found a transporter.
  6927 | D:7      | Found a transporter.
  6929 | D:7      | Noticed Sirjeffry24's ghost (novice CoHu)
  6931 | D:7      | Noticed a queen bee
  7451 | D:7      | Found a staircase to the Ecumenical Temple.
  8612 | D:8      | Reached XP level 10. HP: 39/70 MP: 10/10
  9077 | D:8      | Noticed a manticore
  9093 | D:8      | Killed a manticore
  9094 | D:8      | Reached skill level 10 in Maces & Flails
  9376 | D:8      | Found a runed translucent door.
  9431 | D:8      | Identified the +6 trident of Generosity {holy, rPois Will+
                  | Str-5}
  9434 | D:8      | Noticed BeKind's ghost (novice OpIE)
 10648 | D:9      | Found a flagged portal.
 10664 | Bailey   | Entered a bailey
 11043 | Bailey   | Reached skill level 5 in Fighting
 11164 | Bailey   | Noticed Prince Ribbit
 11164 | Bailey   | Noticed a vault guard
 11177 | Bailey   | Killed a vault guard
 11178 | Bailey   | Reached XP level 11. HP: 79/83 MP: 11/11
 11183 | Bailey   | Killed Prince Ribbit
 11333 | Bailey   | Noticed a vault guard
 11350 | Bailey   | Killed a vault guard
 11435 | Bailey   | Identified a scroll of acquirement
 11435 | Bailey   | Acquired 1100 gold pieces
 12119 | D:9      | Found a roughly hewn altar of Beogh.
 12491 | D:10     | Entered Level 10 of the Dungeon
 12626 | D:10     | Reached **** piety under Trog
 12914 | D:10     | Noticed a two-headed ogre
 12922 | D:10     | Killed a two-headed ogre
 13261 | D:10     | Found Xuaduc's Distillery.
 13563 | D:10     | Bought a potion of curing for 39 gold pieces
 13563 | D:10     | Bought a potion of curing for 39 gold pieces
 13563 | D:10     | Bought a potion of curing for 39 gold pieces
 13563 | D:10     | Bought a potion of enlightenment for 65 gold pieces
 13563 | D:10     | Bought a potion of attraction for 39 gold pieces
 14035 | D:11     | Found a staircase to the Lair.
 14197 | D:11     | Noticed a cyclops
 14220 | D:11     | Killed a cyclops
 14527 | D:11     | Noticed a manticore
 14536 | D:11     | Killed a manticore
 14844 | D:11     | Found Kiposs's Weapon Shop.
 14845 | D:11     | Noticed a death knight
 14845 | D:11     | Noticed a skeletal warrior
 15268 | D:10     | Killed a skeletal warrior
 15269 | D:10     | Reached XP level 12. HP: 78/92 MP: 12/12
 15934 | D:11     | Killed a death knight
 16025 | D:11     | Noticed a two-headed ogre
 16033 | D:11     | Killed a two-headed ogre
 16496 | D:11     | Found a staircase to the Orcish Mines.
 16499 | D:11     | Found Bam Bajei's Armour Shop.
 16516 | D:11     | Bought 2 poisoned darts for 19 gold pieces
 16696 | Lair:1   | Entered Level 1 of the Lair of Beasts
 16879 | Lair:1   | Noticed a death yak
 16879 | Lair:1   | Noticed a death yak
 16900 | Lair:1   | Killed a death yak
 17338 | Lair:1   | Found a transporter.
 17503 | Lair:1   | Reached skill level 5 in Armour
 17673 | Lair:1   | Killed a death yak
 18040 | Lair:1   | Noticed a death yak
 18193 | Lair:1   | Noticed a death yak
 18194 | Lair:1   | Noticed a death yak
 18214 | Lair:1   | Noticed a death yak
 18219 | Lair:1   | Killed a death yak
 18221 | Lair:1   | Killed a death yak
 18586 | Lair:1   | Killed a death yak
 18587 | Lair:1   | Reached skill level 5 in Evocations
 18590 | Lair:1   | Killed a death yak
 18591 | Lair:1   | Found a transporter.
 18592 | Lair:1   | Noticed a boulder beetle
 19288 | Lair:2   | Noticed a death yak
 19290 | Lair:2   | Noticed a death yak
 19291 | Lair:2   | Noticed Nergalle
 19323 | Lair:2   | Reached XP level 13. HP: 47/98 MP: 13/13
 20073 | Lair:2   | Reached skill level 10 in Evocations
 21148 | Lair:2   | Killed Nergalle
 21371 | Lair:2   | Found a staircase to the Snake Pit.
 21455 | Lair:2   | Found a staircase to the Shoals.
 22663 | Lair:3   | Noticed Urug
 22680 | Lair:3   | Killed Urug
 23640 | Lair:4   | Reached skill level 1 in Polearms
 24452 | Lair:4   | Reached XP level 14. HP: 66/106 MP: 14/14
 24452 | Lair:4   | Acquired a geoactuated core {rElec rPois rCorr Clar RMsl}
 24935 | Lair:4   | Reached skill level 5 in Polearms
 25776 | Lair:4   | Found a staircase to the Slime Pits.
 25992 | Lair:5   | Entered Level 5 of the Lair of Beasts
 28569 | Lair:5   | Identified the serpent talisman "Hoikk" {rC+ Will+ Int+4}
 28799 | Lair:5   | Noticed Snorg
 28813 | Lair:5   | Killed Snorg
 28902 | Lair:5   | Reached skill level 10 in Fighting
 29080 | Lair:5   | Reached skill level 1 in Throwing
 30384 | D:12     | Reached XP level 15. HP: 114/115 MP: 15/15
 31033 | Orc:1    | Entered Level 1 of the Orcish Mines
 31625 | Orc:2    | Entered Level 2 of the Orcish Mines
 32175 | Orc:2    | Found a staircase to the Elven Halls.
 32842 | Orc:2    | Reached skill level 5 in Throwing
 33403 | Orc:2    | Noticed an orc warlord
 33780 | Orc:2    | Killed an orc warlord
 33959 | Orc:2    | HP: 7/172 [orc knight/+0 halberd (7)]
 33961 | Orc:2    | Annihilated by an orc knight

Illustrated notes

Levels and vault maps discovered:
D:1:      scummos_arrival_simple_crosswalls, layout_loops_cross,
          grunt_decor_fettered
D:2:      minmay_alternating_diamond, layout_loops_ring
D:3:      layout_basic
D:4:      layout_basic, lemuel_coloured_pillars_altar, minmay_manual_mess
D:5:      layout_loops_ring
D:6:      layout_rooms, kennysheep_mini, st_stairs_6
D:7:      layout_cave_pods, minmay_temple_entry_enclosed_plants,
          gammafunk_ghost_hive
D:8:      layout_loops_cross, ebering_ghost_funeral_grove
D:9:      layout_basic, enter_bailey_5, special_room [special_room_orc]
D:10:     layout_long_grid, serial_shops, nicolae_shop_just_a_little_nook
D:11:     layout_rooms, lair_entry_dummy, orc_david_3
D:12:     layout_small_grid, david_greed
Lair:1:   gammafunk_boulding_lane, layout_regular_city, grunt_megastairs_5
Lair:2:   layout_hall_layers, elwin_shoals_entry_rocks,
          minmay_snake_entry_spellcaster, beast_lair_carwin_7,
          grunt_megastairs_3, lemuel_fruit_fields, infiniplex_staircase_pool_2,
          lemuel_fruit_tree, uniq_nergalle
Lair:3:   layout_regular_city, nicolae_lair_lil_pond, patterned_corridor,
          uniq_urug
Lair:4:   layout_cave_pods, slime_entry_2, grunt_megastairs_4
Lair:5:   guppyfry_lair_end_dragon, layout_long_grid, wormcave,
          chequers_serial_rivers_room_a, grunt_megastairs_1, uniq_snorg
Orc:1:    layout_caves, mines3_lemuel
Orc:2:    hellmonk_orc_salted, layout_diamond_mine

Skill      XL: |  1  2  3  4  5  6  7  8  9 10 11 12 13 14 15 |
---------------+----------------------------------------------+-----
Axes           | 4 5 6 8 9 10 12 13 | 13.2
Maces & Flails | 6 9 11 | 11.5
Fighting       | 6 7 8 10 | 10.1
Armour         | 4 6 |  6.6
Evocations     | 8 13 | 13.9
Polearms       | 4 9 |  9.5
Throwing       | 3 6 |  6.9
Dodging        | |  1.7

Action                     |  1- 3 |  4- 6 |  7- 9 | 10-12 | 13-15 || total
---------------------------+-------+-------+-------+-------+-------++-------
  Melee: Hand axe          |    79 |   103 |    90 |       |       ||   272
         Dagger            |    51 |       |       |       |       ||    51
         Rapier            |    16 |    55 |       |       |       ||    71
         Trident           |       |    33 |    55 |       |       ||    88
         Flail             |       |       |   114 |   635 |   705 ||  1454
         War axe           |       |       |    92 |   209 |   139 ||   440
         Demon trident     |       |       |       |       |   629 ||   629
  Throw: Dart              |       |       |       |    27 |   177 ||   204
 Invoke: Berserk           |     2 |     2 |     9 |    18 |    13 ||    44
         Trog's Hand       |       |     2 |     5 |    17 |    22 ||    46
         Brothers in Arms  |       |       |       |       |     1 ||     1
Ability: Invent Gizmo      |       |       |       |       |     1 ||     1
  Evoke: Wand              |       |       |       |     1 |    33 ||    34
    Use: Scroll            |       |       |    12 |    11 |     5 ||    28
         Potion            |       |       |       |     4 |     3 ||     7
   Stab: Sleeping          |     3 |       |       |       |       ||     3
         Distracted        |       |       |     1 |       |     1 ||     2
         Invisible         |       |       |       |       |     6 ||     6
 Armour: Animal skin       |    47 |       |       |       |       ||    47
         Ring mail         |     8 |    85 |    84 |       |       ||   177
         Chain mail        |       |       |    73 |       |    18 ||    91
         Plate armour      |       |       |    10 |   542 |    65 ||   617
         Crystal plate arm |       |       |       |       |   793 ||   793
  Dodge: Dodged            |    40 |    63 |    87 |   151 |   128 ||   469
         Repelled          |       |       |       |       |    20 ||    20

Table legend: (Time is in decaauts)
 A = Elapsed time spent in this place.
 B = Non-inter-level travel time spent in this place.
 C = Inter-level travel time spent in this place.
 D = Time resting spent in this place.
 E = Time spent auto-exploring this place.
 F = Levels seen in this place.
 G = Mean time per level.
                   A        B        C        D        E       F      G
               +--------+--------+--------+--------+--------+-----+--------+
         Total |  34103 |  32875 |   1228 |  17924 |  10509 |  20 | 1705.2 |
       Dungeon |  17303 |  16363 |    940 |   8214 |   5818 |  12 | 1441.9 |
          Lair |  12968 |  12691 |    277 |   7349 |   3860 |   5 | 2593.6 |
  Orcish Mines |   2894 |   2884 |     10 |   1678 |    735 |   2 | 1447.0 |
        Bailey |    937 |    937 |      0 |    681 |     96 |   1 |  937.0 |
               +--------+--------+--------+--------+--------+-----+--------+

Top non-repeatable levels by time:
  Lair:5: 3149 daAuts
  Lair:2: 3088 daAuts
  Lair:4: 2863 daAuts
    D:10: 2655 daAuts
  Lair:1: 2282 daAuts
   Orc:2: 2148 daAuts
     D:7: 1983 daAuts
    D:11: 1673 daAuts
  Lair:3: 1584 daAuts
     D:8: 1518 daAuts
     D:9: 1340 daAuts
     D:1: 1323 daAuts
    D:12: 1286 daAuts
     D:5: 1286 daAuts
     D:6: 1252 daAuts
